 Dungeon Crawl Stone Soup version 0.18-a0-1800-gdc7a371 (webtiles) character file.

542 Murumi the Slasher (level 7, -4/52 HPs)
             Began as a Formicid Abyssal Knight on Apr 24, 2016.
             Was a Priest of Lugonu.
             Killed from afar by Pikel (16 damage)
             ... with a wand of lightning
             ... on level 4 of the Dungeon.
             The game lasted 00:13:14 (4136 turns).

Murumi the Slasher (Formicid Abyssal Knight)        Turns: 4136, Time: 00:13:14

Health: -4/52      AC: 15    Str: 23    XL:     7   Next: 52%
Magic:  10/10      EV:  8    Int: 12    God:    Lugonu [***...]
Gold:   154        SH:  0    Dex: 13    Spells: 0 memorised, 6 levels left

rFire  . . .     SeeInvis +     a - +1 falchion
rCold  . . .     Gourm    .     q - +0 chain mail
rNeg   . . .     Faith    .     (no shield)
rPois  .         Spirit   .     (helmet unavailable)
rElec  .         Dismiss  .     b - +0 cloak (curse)
rCorr  .         Reflect  .     s - +2 pair of gloves {Dex+3}
SustAt +         Harm     .     u - +0 pair of boots
MR     .....                    (no amulet)
Stlth  ..........               l - ring of sustain attributes
                                e - +2 ring of slaying

@: mighty, not resistant to hostile enchantments, extremely unstealthy
A: permanent stasis, dig shafts and tunnels, four strong arms, antennae 3
a: Dig, Shaft Self, Depart the Abyss, Bend Space, Banish, Renounce Religion


You were on level 4 of the Dungeon.
You worshipped Lugonu.
Lugonu was most pleased with you.
You were not hungry.

You visited 1 branch of the dungeon, and saw 4 of its levels.
You visited the Abyss 1 time.

You collected 154 gold pieces.

Inventory:

Hand Weapons
 a - a +1 falchion (weapon)
Missiles
 k - 61 bolts
Armour
 b - a cursed +0 cloak (worn)
 q - a +0 chain mail (worn)
 s - a +2 pair of gloves of dexterity (worn)
 u - a +0 pair of boots (worn)
Jewellery
 e - a +2 ring of slaying (left hand)
 l - a ring of sustain attributes (right hand)
Scrolls
 d - 5 scrolls of identify
 m - 2 scrolls of remove curse
 r - 2 scrolls of recharging
 t - a scroll of fear
Potions
 g - a potion of invisibility
 n - 2 potions of brilliance
 o - a potion of magic
 p - a potion of curing
Comestibles
 c - 5 bread rations
 f - 2 meat rations
 h - a beef jerky


   Skills:
 - Level 3.2 Fighting
 + Level 5.5 Long Blades
 - Level 5.2 Armour
 - Level 1.1 Dodging
 - Level 4.1 Invocations


You had 6 spell levels left.
You didn't know any spells.

Dungeon Overview and Level Annotations

Branches:
Dungeon (4/15)
 Temple: D:4-7

Altars:
Gozag
Makhleb
Qazlal
Xom

Annotations:
D:4 Pikel


Innate Abilities, Weirdness & Mutations

You are under a permanent stasis effect.
You can dig through walls and to a lower floor.
Your four strong arms can wield two-handed weapons with a shield.
You have a pair of large antennae on your head (SInv).


Message History

The slave hits you but does no damage.
A slave comes into view.
The slave shouts!
You hit the slave.
The slave is moderately wounded.
You barely miss Pikel.
Your chain mail prevents you from hitting Pikel.
Pikel zaps a wand.
The bolt of lightning hits you!
It is a wand of lightning.
Drink which item? (? for menu, Esc to quit)
You feel very mighty all of a sudden. Pikel barely misses you.
You slash Pikel!
Pikel is moderately wounded.
Pikel zaps a wand.
The bolt of lightning hits you!
* * * LOW HITPOINT WARNING * * *
You are too injured to fight recklessly!
Your chain mail prevents you from hitting Pikel.
Pikel is moderately wounded.
Pikel zaps a wand.
The bolt of lightning hits you!
You die...

# ################
# #........@Kppp.#
# #.############.#
# #.# # #.# {
########.#
.........#######
###'##.........#
#....#.#.#####.####
#....#.#...........


You could see Pikel and 3 slaves.

Vanquished Creatures
  The ghost of kay3 the Conjurer, an amateur DrCj of Sif Muna (D:4)
  A hound (D:4)
  An orc priest (D:4)
  A giant frog skeleton (D:4)
  2 orc wizards (D:4)
  A worker ant (D:4)
  7 adders
  3 worms
  7 dart slugs
  3 giant geckos
  10 orcs
  3 ball pythons
  5 giant cockroaches
  5 goblins
  5 hobgoblins
  12 jackals
  6 kobolds
  A quokka (D:3)
  7 bats
  4 giant newts
  7 rats
92 creatures vanquished.

Notes
Turn   | Place    | Note
--------------------------------------------------------------
     0 | Abyss:1  | Murumi the Formicid Abyssal Knight began the quest for the Orb.
     0 | Abyss:1  | Reached XP level 1. HP: 18/18 MP: 2/2
    66 | Abyss:1  | Noticed an ancient zyme
    67 | Abyss:1  | Noticed a large abomination
    67 | D:1      | Escaped the Abyss
   212 | D:1      | Reached skill level 1 in Dodging
   275 | D:1      | Reached * piety under Lugonu
   284 | D:1      | Reached XP level 2. HP: 22/24 MP: 3/3
   428 | D:1      | You fall through a shaft!
   435 | D:2      | Reached XP level 3. HP: 29/29 MP: 4/4
   534 | D:2      | Found a shimmering altar of Xom.
   584 | D:2      | Reached XP level 4. HP: 26/35 MP: 5/5
   817 | D:1      | Reached ** piety under Lugonu
  1839 | D:2      | Reached XP level 5. HP: 41/41 MP: 7/7
  2655 | D:3      | Found a faded altar to an unknown god.
  3238 | D:3      | Found a stormy altar of Qazlal.
  3413 | D:4      | Reached skill level 5 in Long Blades
  3428 | D:4      | Reached XP level 6. HP: 43/47 MP: 8/8
  3450 | D:4      | Noticed kay3's ghost (amateur DrCj)
  3459 | D:4      | Killed kay3's ghost
  3459 | D:4      | Reached *** piety under Lugonu
  3459 | D:4      | Reached skill level 5 in Armour
  3459 | D:4      | Reached XP level 7. HP: 37/52 MP: 9/9
  3645 | D:4      | Found an opulent altar of Gozag.
  3645 | D:4      | Found a burning altar of Makhleb.
  4125 | D:4      | Noticed Pikel
  4136 | D:4      | Killed from afar by Pikel

Vault maps used:
D:1:      dpeg_cavernosity
D:2:      first_bread, xom_teletrap_fun
D:3:      lemuel_coloured_pillars_altar, ecumenical_altar_2,
          minmay_misc_feat_rows
D:4:      gammafunk_temple_overflow_wave, nrook_mini_vaults,
          lemuel_old_faithful, uniq_pikel

Skill      XL: |  1  2  3  4  5  6  7 |
---------------+----------------------+-----
Dodging        | 1 |  1.1
Long Blades    | 3 4 5 |  5.5
Invocations    | 3 4 |  4.1
Armour         | 5 |  5.2
Fighting       | |  3.2

Action                   |  1- 3 |  4- 6 |  7- 9 || total
-------------------------+-------+-------+-------++-------
Melee: Falchion          |    47 |   173 |    73 ||   293
Invok: Depart the Abyss  |     1 |       |       ||     1
 Abil: Dig               |     1 |     1 |     1 ||     3
  Use: Scroll            |     5 |     7 |       ||    12
       Potion            |       |     1 |     1 ||     2
  Eat: Chunk             |       |     9 |     2 ||    11
Armor: Leather armour    |    11 |     7 |       ||    18
       Chain mail        |       |    62 |    35 ||    97
Dodge: Dodged            |    29 |    64 |    21 ||   114
